 Dungeon Crawl Stone Soup version 0.30-a0-341-g682706514a (webtiles) character file.

Game seed: 12597555742230171091

95 zishaf the Gusty (level 4, -1/26 HPs)
             Began as a Tengu Air Elementalist on Nov 2, 2022.
             Slain by Sigmund
             ... wielding a +0 scythe
              (11 damage)
             ... on level 3 of the Dungeon.
             The game lasted 00:05:30 (2691 turns).

zishaf the Gusty (Tengu Air Elementalist)           Turns: 2691, Time: 00:05:30

Health: -1/26      AC:  2    Str:  8    XL:     4   Next: 66%
Magic:  4/8        EV: 12    Int: 18    God:
Gold:   142        SH:  0    Dex: 14    Spells: 1/8 levels left

rFire   . . .      SeeInvis .    c - +0 dagger
rCold   . . .      Faith    .    (no shield)
rNeg    . . .      Spirit   .    a - +0 robe
rPois   .          Reflect  .    (helmet restricted)
rElec   .          Harm     .    (no cloak)
rCorr   .          Rampage  .    (no gloves)
Will    .....                    (boots unavailable)
Stlth   ++........               n - amulet of magic regeneration
HPRegen 0.24/turn                (no ring)
MPRegen 0.51/turn                (no ring)

@: no status effects
A: beak, talons 3
a: no special abilities


You were on level 3 of the Dungeon.
You visited 1 branch of the dungeon, and saw 3 of its levels.

You collected 142 gold pieces.

Inventory:

Hand Weapons
 c - a +0 dagger (weapon)
Armour
 a - a +0 robe (worn)
Jewellery
 n - an amulet of magic regeneration (around neck)
Scrolls
 f - 6 scrolls of identify {unknown}
 g - a scroll of brand weapon {unknown}
 h - 2 scrolls of teleportation {unknown}
 l - 2 scrolls of magic mapping {unknown}
 m - a scroll of vulnerability {unknown}
Potions
 b - 2 potions of magic
 d - 2 potions of heal wounds {unknown}
 e - 3 potions of curing
 i - 2 potions of haste {unknown}
 j - a potion of resistance {unknown}
 k - a potion of degeneration {unknown}
 o - a potion of attraction {unknown}


   Skills:
 + Level 1.6 Fighting
 - Level 2.1 Dodging
 - Level 2.0 Stealth
 - Level 2.5 Spellcasting
 + Level 3.6 Conjurations
 + Level 4.7 Air Magic


You had one spell level left.
You knew the following spells:

 Your Spells              Type           Power      Damage    Failure   Level
a - Shock                 Conj/Air       68%        1d7       3%          1
b - Airstrike             Air            9%         2d(2-18)  24%         4
A - Static Discharge      Conj/Air       34%        2-4/arc   4%          2

Your spell library contained the following spells:

 Spells                   Type           Power      Damage    Failure   Level
 Swiftness                Air            19%        N/A       7%          3
 Poisonous Vapours        Pois/Air       20%        N/A       10%         2
 Cigotuvi's Dreadful Rot  Necr/Pois/Air  16%        N/A       14%         2
 Mephitic Cloud           Conj/Pois/Air  12%        N/A       16%         3
 Dazzling Flash           Conj/Hex       16%        N/A       24%         3
 Iskenderun's Mystic Bla  Conj/Tloc      8%         2d4       63%         4
 Starburst                Conj/Fire      4%         6d3       100%        6


Dungeon Overview and Level Annotations

Branches:
Dungeon (3/15)

Altars:

Shops:
D:1 :

Annotations:
D:2 Crazy Yiuf
D:3 Sigmund


Innate Abilities, Weirdness & Mutations

You have a beak for a mouth.
You have claws for feet.


Message History

You are very lightly contaminated with residual magic.
Nothing appears to happen.
Unknown command.
Casting: Shock (safe; 3% risk of failure)
Confirm with . or Enter, or press ? or * to list all spells.
Aiming: Shock (safe; 3% risk of failure)
Press: ? - help, Shift-Dir - straight line The zap hits Sigmund.
Sigmund is lightly wounded.
Casting: Shock (safe; 3% risk of failure)
Confirm with . or Enter, or press ? or * to list all spells.
Aiming: Shock (safe; 3% risk of failure)
Press: ? - help, Shift-Dir - straight line The zap hits Sigmund but does no damage.
Sigmund is lightly wounded.
The zap hits Sigmund.
Sigmund is lightly wounded.
Sigmund casts a spell at you. The puff of flame hits you!
Sigmund points at you and mumbles some strange words.
The puff of flame hits you!
Casting: Shock (safe; 3% risk of failure)
Confirm with . or Enter, or press ? or * to list all spells.
Sigmund is struck by an arc of lightning.
Sigmund is moderately wounded.
You are struck by an arc of lightning.
* * * LOW HITPOINT WARNING * * *
The lightning grounds out.
Sigmund casts a spell at you.
You are confused.
You bump into the rock wall.
Sigmund misses you.
It was a potion of curing.
You feel better.
Your magical contamination has completely faded away.
Casting: Static Discharge (safe; 4% risk of failure)
Confirm with . or Enter, or press ? or * to list all spells.
Sigmund is struck by an arc of lightning.
Sigmund is heavily wounded.
You are struck by an arc of lightning.
The lightning grounds out.
Sigmund hits you with a +0 scythe!
You die...

#.#.####.#
#.#...##.#
#.###.##.#
#.# #.##.#
####.#
#.##.#
###....#
#..#.#
#...####
##...#
###.###
##..#
#@@.# ####
.......###
....###
... .


You could see Sigmund.

Vanquished Creatures
  2 adders (D:2)
  A worm (D:2)
  3 dart slugs
  An orc (D:3)
  8 endoplasms
  4 giant cockroaches
  5 hobgoblins
  6 jackals (D:1)
  4 quokkas
  6 ball pythons
  8 bats
  5 frilled lizards
  2 goblins (D:2)
  4 kobolds
  7 rats
66 creatures vanquished.

Notes
Turn   | Place    | Note
-------+----------+-------------------------------------------
     0 | D:1      | zishaf the Tengu Air Elementalist began the quest for the
                  | Orb.
     0 | D:1      | Reached XP level 1. HP: 10/10 MP: 4/4
   190 | D:1      | Found Ikluar's Book Shoppe.
   362 | D:1      | Reached XP level 2. HP: 16/16 MP: 1/6
   365 | D:1      | Learned a level 2 spell: Static Discharge
   931 | D:1      | Reached XP level 3. HP: 20/20 MP: 4/7
  1154 | D:1      | Reached skill level 1 in Fighting
  1973 | D:2      | Reached XP level 4. HP: 25/25 MP: 3/8
  2148 | D:2      | Learned a level 4 spell: Airstrike
  2374 | D:2      | Found a runed translucent door.
  2375 | D:2      | Noticed Crazy Yiuf
  2682 | D:3      | Noticed Sigmund
  2691 | D:3      | Slain by Sigmund

Illustrated notes

Levels and vault maps discovered:
D:1:      minmay_arrival_doors, layout_rooms, serial_shops, shop,
          nicolae_hexahallways, minmay_split_cup_small
D:2:      minmay_recursive_quarters, layout_basic, uniq_crazy_yiuf_cottage
D:3:      layout_rooms, lemuel_round_altar, nicolae_overflow_ecumenical_swirl,
          uniq_sigmund

Skill      XL: |  1  2  3 |
---------------+----------+-----
Conjurations   | 2 3 |  3.6
Fighting       | 1 |  1.6
Dodging        | |  2.1
Stealth        | |  2.0
Spellcasting   | |  2.5
Air Magic      | |  4.7

Action                   |  1- 3 |  4- 6 || total
-------------------------+-------+-------++-------
Melee: Unarmed           |     4 |       ||     4
       Peck              |     2 |       ||     2
       Dagger            |     8 |       ||     8
 Cast: Shock             |    96 |    32 ||   128
       Static Discharge  |     2 |     2 ||     4
  Use: Potion            |       |     1 ||     1
Armor: Robe              |     5 |       ||     5
Dodge: Dodged            |    22 |     1 ||    23

Table legend: (Time is in decaauts)
 A = Elapsed time spent in this place.
 B = Non-inter-level travel time spent in this place.
 C = Inter-level travel time spent in this place.
 D = Time resting spent in this place.
 E = Time spent auto-exploring this place.
 F = Levels seen in this place.
 G = Mean time per level.
                   A        B        C        D        E       F      G
               +--------+--------+--------+--------+--------+-----+--------+
         Total |   2689 |   2661 |     28 |    145 |   2139 |   3 |  896.3 |
       Dungeon |   2689 |   2661 |     28 |    145 |   2139 |   3 |  896.3 |
               +--------+--------+--------+--------+--------+-----+--------+

Top non-repeatable levels by time:
     D:1: 1348 daAuts
     D:2: 1080 daAuts
     D:3: 260 daAuts
